 Dungeon Crawl Stone Soup version 0.19-a0-1815-g4007336 (webtiles) character file.

5734 Kurtz the Carver (level 10, -7/80 HPs)
             Began as a Demigod Gladiator on Oct 5, 2016.
             Mangled by an orc warrior
             ... wielding a +1 glaive of venom
              (21 damage)
             ... on level 8 of the Dungeon.
             The game lasted 00:18:26 (11543 turns).

Kurtz the Carver (Demigod Gladiator)               Turns: 11543, Time: 00:18:26

Health: -7/80      AC: 12    Str: 22    XL:     10   Next: 24%
Magic:  13/13      EV: 11    Int: 12    God:
Gold:   495        SH: 13    Dex: 20    Spells: 0 memorised, 9 levels left

rFire  + . .     SeeInvis .     I - +0 scimitar
rCold  . . .     Gourm    .     u - +2 leather armour {rF+}
rNeg   . . .     Faith    .     t - +2 shield
rPois  .         Spirit   .     e - +2 hat
rElec  .         Dismiss  .     S - +2 cloak
rCorr  .         Reflect  .     (no gloves)
MR     ++...     Harm     .     D - +2 pair of boots
Stlth  ++........               (no amulet)
                                L - ring of protection from magic
                                s - +2 ring of strength

@: lethally poisoned (-7 -> -39)
A: talons 1, deformed body, deterioration 1, high mp 1, mutation resistance 1
a: no special abilities


You were on level 8 of the Dungeon.
You were not hungry.

You visited 1 branch of the dungeon, and saw 9 of its levels.

You collected 495 gold pieces.

Inventory:

Hand Weapons
 a - a +0 long sword
 I - a +0 scimitar (weapon)
Armour
 b - a +0 leather armour
 c - a +0 helmet
 e - a +2 hat (worn)
 q - a +0 ring mail
 t - a +2 shield (worn)
 u - a +2 leather armour of fire resistance (worn)
 y - a +0 plate armour
 z - a +0 chain mail
 D - a +2 pair of boots (worn)
 S - a +2 cloak (worn)
Jewellery
 i - an uncursed ring of protection from cold
 s - a +2 ring of strength (left hand)
 L - a ring of protection from magic (right hand)
Wands
 l - a wand of hasting (4/9)
 n - a wand of paralysis (0/24)
 A - a wand of flame (1/48)
 H - a wand of paralysis (0/24)
 J - a wand of digging (16/24)
 M - a wand of flame (20/48)
Scrolls
 j - a scroll of immolation
 w - 4 scrolls of recharging {unknown}
 B - 3 scrolls of magic mapping {unknown}
 C - 2 scrolls of remove curse
 E - a scroll of fog {unknown}
 K - a scroll of random uselessness {unknown}
 N - a scroll of amnesia {unknown}
 O - a scroll of enchant armour {unknown}
 Q - a scroll of blinking {unknown}
Potions
 h - 2 potions of might
 k - 4 potions of curing
 m - a potion of invisibility
 o - a potion of ambrosia
 p - a potion of heal wounds
 r - 2 potions of flight
 P - a potion of lignification
 T - a potion of cure mutation {unknown}
Books
 x - a book of Minor Magic

   Spells                             Type                      Level
   a - Magic Dart                     Conjuration                  1
   b - Blink                          Translocation                2
   c - Call Imp                       Summoning                    2
   d - Repel Missiles                 Charms/Air                   2
   e - Slow                           Hexes                        2
   f - Conjure Flame                  Conjuration/Fire             3
   g - Mephitic Cloud                 Conjuration/Poison/Air       3
 F - a book of Clouds

   Spells                             Type                      Level
   a - Mephitic Cloud                 Conjuration/Poison/Air       3
   b - Conjure Flame                  Conjuration/Fire             3
   c - Poisonous Cloud                Conjuration/Poison/Air       6
   d - Freezing Cloud                 Conjuration/Ice/Air          6
   e - Ring of Flames                 Charms/Fire                  7
 R - a book of Battle

   Spells                             Type                      Level
   a - Infusion                       Charms                       1
   b - Shroud of Golubria             Charms/Translocation         2
   c - Song of Slaying                Charms                       2
   d - Spectral Weapon                Hexes/Charms                 3
   e - Regeneration                   Charms/Necromancy            3
Comestibles
 f - 9 bread rations
 g - 3 meat rations
 v - a beef jerky
 G - a royal jelly
 U - a chunk of flesh


   Skills:
 + Level 4.3 Fighting
 * Level 11.9 Long Blades
 - Level 1.7 Throwing
 + Level 2.9 Armour
 - Level 2.6 Dodging
 * Level 6.5 Shields


You had 9 spell levels left.
You didn't know any spells.

Dungeon Overview and Level Annotations

Branches:
Dungeon (9/15)             Temple (0/1) D:7
   Lair: D:8-11         Orc: D:9-12

Shops:
D:8 %


Innate Abilities, Weirdness & Mutations

You have an increased reservoir of magic. (+10% MP)
You have sharp toenails.
Armour fits poorly on your strangely shaped body.
Your body sometimes deteriorates upon taking damage.
You are somewhat resistant to further mutation.


Message History

You feel sick.
The orc warrior hits you with a glaive of venom!
* * * LOW HITPOINT WARNING * * *
You are more poisoned.
You feel much better.
* * * LOW HITPOINT WARNING * * *
You feel very sick. You block the orc warrior's attack.
Unknown command.
You hit the orc warrior but do no damage.
The orc warrior is almost dead.
* * * LOW HITPOINT WARNING * * *
You feel sick.
Unknown command.
You completely miss the orc warrior.
The orc warrior is almost dead.
* * * LOW HITPOINT WARNING * * *
You feel very sick.
The orc warrior hits you with a glaive of venom!!
You die...

#.#.##.# #.# #..#≈#. #.#....# #.#
##.#§≈#
#.###..###'###########.##≈§ #.#
#...................##≈ #.#
#.......##########...## #.#
#.......##########....# # #.#
#....[................. ### #.#
#..................#..# ..#
###.###..).o@p...........#..# ..#
#....(......<(..............#
#.###'#.###.######..........##..#
#....(.([...# ###.#######.....
###.....##### #.# #......#
#.....# #.# #......# #.....# #.#
#....#># #.....# #.# #....#.#
#.:...####### #.# #....#.#


You could see an orc warrior and a neutral freed slave (wandering).

Vanquished Creatures
  Gastronok (D:8)
  Pikel (D:8)
  A two-headed ogre (D:8)
  A spriggan (D:8)
  2 orc warriors
  A black bear (D:7)
  2 sky beasts
  An ice beast (D:5)
  A slave (D:8)
  7 ogres
  A necrophage (D:6)
  5 centaurs
  4 big kobolds (D:8)
  4 killer bees (D:7)
  A howler monkey (D:5)
  3 wights
  5 crimson imps
  A lava snake (D:8)
  2 hounds
  2 gnoll shamans (D:8)
  4 orc priests
  2 jellies
  5 orc wizards
  A bullfrog skeleton (D:8)
  A centaur skeleton (D:5)
  2 iguanas
  4 worker ants
  A hound skeleton (D:6)
  4 worker ant zombies
  A howler monkey skeleton (D:3)
  12 gnolls
  8 adders
  A shadow imp (D:5)
  An ooze (D:2)
  3 adder zombies
  An adder skeleton (D:4)
  A worm (D:3)
  2 dart slugs (D:1)
  5 leopard geckos
  18 orcs
  8 bats
  4 giant cockroaches
  11 goblins
  5 hobgoblins
  8 jackals
  4 quokkas
  5 frilled lizards
  A jackal skeleton (D:5)
  12 kobolds
  A quokka zombie (D:5)
  7 rats
189 creatures vanquished.

Vanquished Creatures (others)
  A slave (D:8)
  A centaur zombie (D:8)
  A hound (D:8)
  An adder zombie (D:8)
  6 fungi (D:8)
  14 plants (D:8)
24 creatures vanquished.

Grand Total: 213 creatures vanquished

Notes
Turn   | Place    | Note
-------+----------+-------------------------------------------
     0 | D:1      | Kurtz the Demigod Gladiator began the quest for the Orb.
     0 | D:1      | Reached XP level 1. HP: 17/17 MP: 3/3
    96 | D:1      | Reached skill level 3 in Long Blades
   348 | D:1      | Reached XP level 2. HP: 23/24 MP: 4/4
   704 | D:1      | Found a sparkling altar of Nemelex Xobeh.
  1210 | D:2      | Reached skill level 4 in Long Blades
  1210 | D:2      | Reached XP level 3. HP: 18/29 MP: 5/5
  1399 | D:2      | Found an iron altar of Okawaru.
  1902 | D:2      | Reached XP level 4. HP: 36/36 MP: 6/6
  2469 | D:3      | Reached skill level 5 in Long Blades
  2817 | D:2      | Reached XP level 5. HP: 18/41 MP: 7/7
  3228 | D:3      | Reached skill level 6 in Long Blades
  3259 | D:3      | Reached skill level 1 in Shields
  3586 | D:4      | Reached XP level 6. HP: 45/48 MP: 8/8
  3953 | D:4      | Gained mutation: You are somewhat resistant to further mutation. [potion of mutation]
  4011 | D:5      | Entered Level 5 of the Dungeon
  4087 | D:5      | Found a basalt altar of Yredelemnul.
  4115 | D:5      | Reached skill level 7 in Long Blades
  4270 | D:5      | Reached XP level 7. HP: 15/53 MP: 9/9
  4822 | D:5      | Reached skill level 8 in Long Blades
  5690 | D:6      | Found a burning altar of Makhleb.
  5710 | D:6      | Reached skill level 1 in Armour
  6067 | D:6      | Reached XP level 8. HP: 53/58 MP: 10/10
  6370 | D:6      | Paralysed by an orc warrior for 5 turns
  6740 | D:7      | Gained mutation: Armour fits poorly on your strangely shaped body. [mutagenic meat]
  6746 | D:7      | Gained mutation: You have sharp toenails. [mutagenic meat]
  6749 | D:7      | Gained mutation: Your body sometimes deteriorates upon taking damage. [mutagenic meat]
  6874 | D:7      | Found a bloodstained altar of Trog.
  6884 | D:7      | Found a hazy altar of Hepliaklqana.
  6884 | D:7      | Found a white marble altar of Elyvilon.
  6891 | D:7      | Found a snail-covered altar of Cheibriados.
  6897 | D:7      | Found a glowing silver altar of Zin.
  7072 | D:7      | Reached skill level 9 in Long Blades
  7186 | D:7      | Found a staircase to the Ecumenical Temple.
  8094 | D:8      | Reached XP level 9. HP: 54/68 MP: 11/11
  8170 | D:8      | Reached skill level 10 in Long Blades
  8446 | D:8      | Noticed Pikel
  8459 | D:8      | Killed Pikel
  8459 | D:8      | Reached skill level 5 in Shields
  8589 | D:8      | Noticed Gastronok
  9185 | D:8      | Killed Gastronok
  9185 | D:8      | Reached skill level 11 in Long Blades
  9185 | D:8      | Reached XP level 10. HP: 78/78 MP: 13/13
  9333 | D:8      | Found Wufapiqu's Food Shoppe.
 11540 | D:8      | HP: 3/80 [orc warrior/glaive of venom (12)]
 11543 | D:8      | Mangled by an orc warrior

Vault maps used:
D:1:      matt_arrival_diagonals, nemelex_diamond_rough_becter
D:2:      okawaru_altar_gauntlet_db, nicolae_overflow_hidden_temple
D:3:      minmay_cupped
D:5:      lemuel_doored_altar, first_bread
D:6:      makhleb_blood_cavern_becter
D:7:      minmay_overflow_temple_star_hex
D:8:      kennysheep_seaside_town, serial_shops, shop, the_bakery,
          kennysheep_cluttered_room, uniq_pikel, uniq_gastronok
D:9:      orc_0_dummy

Skill      XL: |  1  2  3  4  5  6  7  8  9 |
---------------+----------------------------+-----
Long Blades    | 3 4 5 6 7 8 9 11 | 11.9
Shields        | 1 3 4 6 |  6.5
Armour         | 1 2 |  2.9
Fighting       | 2 4 |  4.3
Throwing       | |  1.7
Dodging        | |  2.6

Action                   |  1- 3 |  4- 6 |  7- 9 | 10-12 || total
-------------------------+-------+-------+-------+-------++-------
Melee: Long sword        |    88 |   183 |   195 |       ||   466
       Scimitar          |       |       |   170 |   168 ||   338
Throw: Throwing net      |       |     2 |     2 |     1 ||     5
Evoke: Wand              |       |       |    10 |     8 ||    18
  Use: Scroll            |       |     9 |     2 |       ||    11
       Potion            |       |     1 |     8 |     2 ||    11
 Stab: Sleeping          |     1 |     2 |       |     1 ||     4
       Held in net/web   |       |     1 |     8 |       ||     9
       Paralysed         |       |       |       |     3 ||     3
  Eat: Chunk             |     3 |     8 |    21 |     8 ||    40
       Pizza             |       |       |     1 |       ||     1
Armor: Leather armour    |    16 |    23 |    29 |    39 ||   107
       Ring mail         |    18 |    12 |       |       ||    30
       Chain mail        |       |       |    52 |       ||    52
       Skin              |       |       |    20 |       ||    20
Dodge: Dodged            |    85 |    66 |    68 |    32 ||   251
Block: Shield            |       |    68 |   194 |   106 ||   368
       Rpst.: Long sword |    23 |    21 |    13 |       ||    57
       Scimitar          |       |       |     8 |     5 ||    13
